 Dungeon Crawl Stone Soup version 0.30-a0-760-g5a9884bb7c (webtiles) character file.

Game seed: 1346102293706542494

535980 Flugkiller the Warrior (level 25, -2/231 HPs)
             Began as a Ghoul Necromancer on Feb 10, 2023.
             Was an Initiate of Gozag.
             Slain by a golden dragon (45 damage)
             ... on level 3 of the Realm of Zot on Feb 11, 2023.
             The game lasted 02:05:05 (89015 turns).

Flugkiller the Warrior (Ghoul Necromancer)         Turns: 89015, Time: 02:05:06

Health: -2/231     AC: 37    Str: 24    XL:     25   Next: 81%
Magic:  24/32      EV:  7    Int: 19    God:    Gozag
Gold:   8739       SH: 16    Dex:  6    Spells: 25/38 levels left

rFire   + + .      SeeInvis .      - Unarmed
rCold   + + .      Faith    .    S - +0 kite shield
rNeg    + + +      Spirit   .    F - +10 plate armour of Kenauz {+Inv rElec Stlth+}
rPois   ∞          Reflect  +    k - +2 hat {Will+}
rElec   +          Harm     .    o - scarf {rC+ rF+}
rCorr   .          Rampage  .    v - +2 pair of gloves {infuse}
Will    ++...                    O - +2 pair of boots Stlth
                                 B - amulet "Xylarygu" {Reflect Contam Int+5 SH+5}
HPRegen 0.00/turn                p - ring of protection from fire
MPRegen 0.23/turn                s - ring "Qyosuvus" {Str+6 Dex-5 Slay+5}

@: mighty, brilliant, gold aura, inhibited regen, hasted, studying Polearms,
invisible, very quick
A: claws 1, cold resistance 1, negative energy resistance 3, inhibited
regeneration, torment resistance 2, devour on kill
}: 3/15 runes: serpentine, barnacled, slimy
a: Renounce Religion, Evoke Invisibility, Potion Petition, Call Merchant, Bribe
Branch


You were on level 3 of the Realm of Zot.
You worshipped Gozag.
Gozag was greatly pleased with you.
You visited 10 branches of the dungeon, and saw 50 of its levels.
You visited the Abyss 1 time.
You visited 1 bazaar.
You also visited: Ice Cave.

You collected 27067 gold pieces.
You spent 6476 gold pieces at shops.
You paid 11852 gold pieces to Gozag.

Inventory:

Missiles
 a - 49 boomerangs (quivered)
 c - 2 silver javelins
 i - 14 javelins
 l - 48 curare-tipped darts
Armour
 k - a +2 hat of willpower (worn)
   (You found it on level 5 of the Pits of Slime)
 o - a scarf of resistance (worn)
   (You found it on level 12 of the Dungeon)
 v - a +2 pair of gloves of infusion (worn)
   (You bought it in a shop on level 4 of the Vaults)
 x - the +1 helmet of Ocrem {rPois Slay+3}
   (You bought it in a shop on level 4 of the Vaults)

   Slay:      It affects your accuracy & damage with ranged weapons and melee
   (+3).
   rPois:     It protects you from poison.
 F - the +10 plate armour of Kenauz (worn) {+Inv rElec Stlth+}
   (You found it on level 5 of the Pits of Slime)

   rElec:     It insulates you from electricity.
   +Inv:      It lets you turn invisible.
   Stlth:     It makes you more stealthy.
 I - a +2 cloak of poison resistance
   (You bought it in a shop on level 1 of the Lair of Beasts)
 O - a +2 pair of boots (worn)
   (You found it on level 2 of the Dungeon)
 S - a +0 kite shield (worn)
   (You took it off a tengu warrior on level 14 of the Dungeon)
Jewellery
 m - a ring of willpower
   (You found it on level 1 of the Depths)
 p - a ring of protection from fire (left hand)
   (You found it on level 4 of the Lair of Beasts)
 r - a +4 ring of protection
   (You bought it in a shop in a bazaar)
 s - the ring "Qyosuvus" (right hand) {Str+6 Dex-5 Slay+5}
   (You acquired it on level 8 of the Dungeon)

   [ring of strength]

   Str:       It affects your strength (+6).
   Dex:       It affects your dexterity (-5).
   Slay:      It affects your accuracy & damage with ranged weapons and melee
   (+5).
 B - the amulet "Xylarygu" (around neck) {Reflect Contam Int+5 SH+5}
   (You bought it in a shop on level 4 of the Vaults)

   [amulet of reflection]

   It reflects blocked missile attacks.
   Int:       It affects your intelligence (+5).
   Contam:    It causes magical contamination when unequipped.
   SH:        It affects your SH (+5).
 M - the ring "Roighuv" {rN+ Will+ Stlth+}
   (You found it on level 5 of the Pits of Slime)

   [ring of willpower]

   rN:        It protects you from negative energy.
   Will:      It increases your willpower.
   Stlth:     It makes you more stealthy.
 V - the ring of the Endless Expanse {rElec Dex+6}
   (You found it on level 3 of the Elven Halls)

   [ring of dexterity]

   Dex:       It affects your dexterity (+6).
   rElec:     It insulates you from electricity.
Wands
 f - a wand of quicksilver (7)
   (You found it on level 9 of the Dungeon)
 u - a wand of iceblast (11)
   (You found it on level 3 of the Shoals)
 z - a wand of digging (7)
   (You found it on level 2 of the Depths)
 A - a wand of paralysis (9)
   (You took it off Erica on level 8 of the Dungeon)
 T - a wand of mindburst (32)
   (You found it on level 14 of the Dungeon)
Scrolls
 e - 7 scrolls of enchant armour
 t - 8 scrolls of teleportation
 C - 2 scrolls of summoning
 E - 3 scrolls of fog
 G - 6 scrolls of immolation
 K - 3 scrolls of magic mapping
 L - 5 scrolls of torment
 P - 4 scrolls of vulnerability
 R - 3 scrolls of fear
 X - 2 scrolls of silence
Potions
 b - 3 potions of magic
 d - 6 potions of might
 g - 5 potions of ambrosia
 h - 9 potions of haste
 j - 7 potions of attraction
 n - 7 potions of resistance
 q - 12 potions of curing
 w - 7 potions of heal wounds
 y - 6 potions of flight
 N - 3 potions of brilliance
 Q - 2 potions of invisibility
 Z - 5 potions of cancellation
Miscellaneous
 D - a tin of tremorstones (2/2)
   (You found it on level 5 of the Lair of Beasts)
 H - a condenser vane
   (You found it on level 2 of the Depths)
 J - a phial of floods
   (You found it on level 5 of the Lair of Beasts)
 U - a box of beasts
   (You found it on level 15 of the Dungeon)
 W - a lightning rod (4/4)
   (You found it on level 3 of the Elven Halls)
 Y - a phantom mirror
   (You found it on level 3 of the Snake Pit)


   Skills:
 - Level 20.0 Fighting
 + Level 17.5 Throwing
 - Level 17.0 Armour
 - Level 1.7 Dodging
 - Level 2.1 Stealth
 - Level 15.0 Shields
 - Level 20.0 Unarmed Combat
 - Level 7.0 Spellcasting
 - Level 15.0 Necromancy
 + Level 11.8 Evocations


You had 25 spell levels left.
You knew the following spells:

 Your Spells              Type           Power      Damage    Failure   Level
a - Necrotise             Necr           100%       1d9       1%          1
b - Dispel Undead         Necr           77%        3d25      2%          4
c - Vampiric Draining     Necr           77%        2d11      1%          3
e - Agony                 Necr           77%        N/A       7%          5

Your spell library contained the following spells:

 Spells                   Type           Power      Damage    Failure   Level
 Kiss of Death            Conj/Necr      100%       2d13      5%          1
 Cigotuvi's Dreadful Rot  Necr/Pois/Air  76%        N/A       24%         2
 Apportation              Tloc           18%        N/A       77%         1
 Foxfire                  Conj/Fire      36%        2x1d5     77%         1
 Magic Dart               Conj           36%        1d4       77%         1
 Shock                    Conj/Air       36%        1d5       77%         1
 Slow                     Hex            36%        N/A       77%         1
 Summon Small Mammal      Summ           36%        N/A       77%         1
 Lesser Beckoning         Tloc           18%        N/A       88%         2
 Passwall                 Tmut/Erth      7%         N/A       88%         2
 Poisonous Vapours        Pois/Air       18%        N/A       88%         2
 Searing Ray              Conj           18%        2d5       88%         2
 Static Discharge         Conj/Air       18%        2-3/arc   88%         2
 Call Canine Familiar     Summ           9%         N/A       98%         3
 Confusing Touch          Hex            9%         N/A       98%         3
 Dazzling Flash           Conj/Hex       18%        N/A       98%         3
 Gell's Gravitas          Tloc           9%         N/A       98%         3
 Hailstorm                Conj/Ice       9%         3d4       98%         3
 Ignite Poison            Fire/Tmut/Pois 9%         N/A       98%         3
 Kindle Blastsparks       Fire/Tloc/Air  18%        2d11      98%         3
 Mephitic Cloud           Conj/Pois/Air  9%         N/A       98%         3
 Portal Projectile        Hex/Tloc       18%        N/A       98%         3
 Stone Arrow              Conj/Erth      18%        3d8       98%         3
 Summon Guardian Golem    Hex/Summ       9%         N/A       98%         3
 Teleport Other           Tloc           9%         N/A       98%         3
 Airstrike                Air            4%         2d(1-17)  100%        4
 Animate Armour           Summ/Erth      18%        N/A       100%        4
 Cause Fear               Hex            4%         N/A       100%        4
 Fulminant Prism          Conj/Hex       4%         3d5       100%        4
 Iskenderun's Mystic Bla  Conj/Tloc      9%         2d4       100%        4
 Manifold Assault         Tloc           9%         N/A       100%        4
 Olgreb's Toxic Radiance  Pois           9%         N/A       100%        4
 Passage of Golubria      Tloc           9%         N/A       100%        4
 Petrify                  Tmut/Erth      9%         N/A       100%        4
 Summon Ice Beast         Ice/Summ       9%         N/A       100%        4
 Summon Lightning Spire   Summ/Air       9%         N/A       100%        4
 Alistair's Intoxication  Tmut/Pois      6%         N/A       100%        5
 Fireball                 Conj/Fire      4%         3d4       100%        5
 Freezing Cloud           Conj/Ice/Air   4%         6-21      100%        5
 Lee's Rapid Deconstruct  Erth           4%         3d5*      100%        5
 Lightning Bolt           Conj/Air       4%         1d16      100%        5
 Metabolic Englaciation   Hex/Ice        4%         N/A       100%        5
 Silence                  Hex/Air        4%         N/A       100%        5
 Summon Mana Viper        Hex/Summ       9%         N/A       100%        5
 Dispersal                Tloc           4%         N/A       100%        6
 Eringya's Noxious Bog    Tmut/Pois      4%         N/A       100%        6
 Iron Shot                Conj/Erth      4%         9d2       100%        6
 Starburst                Conj/Fire      4%         6d4       100%        6
 Enfeeble                 Hex            4%         N/A       100%        7
 Monstrous Menagerie      Summ           4%         N/A       100%        7
 Summon Hydra             Summ           4%         N/A       100%        7
 Disjunction              Tloc           4%         N/A       100%        8
 Lehudib's Crystal Spear  Conj/Erth      4%         10d3      100%        8
 Maxwell's Capacitive Co  Air            4%         ∞         100%        8
 Dragon's Call            Summ           4%         N/A       100%        9
 Sublimation of Blood     Necr           Unusable   N/A       N/A         2
 Animate Dead             Necr           Unusable   N/A       N/A         4
 Wereblood                Tmut           Unusable   N/A       N/A         2
 Spider Form              Tmut/Pois      Unusable   N/A       N/A         3
 Ice Form                 Ice/Tmut       Unusable   N/A       N/A         4
 Blade Hands              Tmut           Unusable   N/A       N/A         5
 Simulacrum               Ice/Necr       Unusable   N/A       N/A         6
 Statue Form              Tmut/Erth      Unusable   N/A       N/A         6
 Dragon Form              Tmut           Unusable   N/A       N/A         7
 Storm Form               Tmut/Air       Unusable   N/A       N/A         7

Dungeon Overview and Level Annotations

Branches:
Dungeon (15/15) Zot: 22688  Temple (0/1) D:7            Lair (5/5) D:9 Zot: 19726
 Shoals (4/4) Lair:2 Zot: 16361   Snake (4/4) Lair:2 Zot: 13866   Slime (5/5) Lair:4 Zot: 24734
    Orc (2/2) D:11 Zot: 9633     Elf (3/3) Orc:2 Zot: 14398  Vaults (4/5) D:13 Zot: 11461
  Crypt (0/3) Vaults:3     Depths (4/4) D:15 Zot: 13511     Zot (4/5) Depths:4 Zot: 23666
  IceCv (visited)

Altars:
Ashenzari
Dithmenos
Gozag
Hepliaklqana
Kikubaaqudgha
Nemelex Xobeh
Ru
Sif Muna
Trog
Uskayaw
Vehumet
Xom

Shops:
D:5 !   D:7 (   D:15 [   Orc:2 *[!*(*   Lair:1 *   Snake:1 ?**   Snake:2 :
Vaults:1 (   Vaults:2 (   Vaults:4 [[=:   Depths:1 *=*(   Depths:4 (!:[[

Portals:
Hell: Depths:1 Depths:2 Depths:3 Depths:4
Abyss: Depths:3 Depths:4
Pandemonium: Depths:1 Depths:2 Depths:3
Ziggurat: Depths:2
Trove: D:12 (give horn of Geryon)

Annotations:
D:15 2 runed translucent doors, Aldia's ghost, journeyman TrCK
Lair:1 2 transporters
Shoals:1 1 runed translucent door, Zigemok's ghost, journeyman SpEn
Shoals:4 Bai Suzhen
Snake:4 3 runed translucent doors, Guaqeif's ghost, adept DsTm; Roxanne
Slime:5 exclusion: upstairs
Elf:2 3 runed translucent doors


Innate Abilities, Weirdness & Mutations

You are immune to poison.
You have sharp fingernails.
Your flesh is cold resistant. (rC+)
You are immune to negative energy. (rN+++)
You do not regenerate when monsters are visible.
You are immune to unholy pain and torment.
You thrive by killing the living.


Message History

Press: ? - help, Shift-Dir - straight line, f - death cob
Aim: a death cob (lightly damaged, chance to affect: 57%)
The death cob suddenly stops moving!
The golden dragon bites you but does no damage.
The golden dragon claws you but does no damage.
You block the golden dragon's attack. x2
The golden dragon claws you but does no damage.
You block the golden dragon's attack.
The helpless death cob fails to defend itself.
You pummel the death cob like a punching bag!!!
The death cob is almost destroyed.
You block the golden dragon's attack.
The golden dragon claws you but does no damage.
You block the golden dragon's attack. x2
The golden dragon claws you but does no damage.
The golden dragon tramples you!!
You stumble backwards!
You hit the golden dragon but do no damage.
The golden dragon completely misses you.
You block the golden dragon's attack. The golden dragon closely misses you.
You pound the moth of wrath into fine dust!!!
The moth of wrath is severely wounded.
The golden dragon bites you but does no damage.
The golden dragon claws you.
The golden dragon tramples you but does no damage.
You block the moth of wrath's attack. You block the golden dragon's attack.
The golden dragon claws you but does no damage.
The golden dragon tramples you but does no damage.
You hit the moth of wrath.
The moth of wrath is almost dead.
The golden dragon barely misses you.
The golden dragon claws you but does no damage.
The golden dragon tramples you but does no damage.
The moth of wrath completely misses you.
You block the golden dragon's attack.
The golden dragon claws you but does no damage.
You block the golden dragon's attack.
The moth of wrath bites you but does no damage.
You barely miss the moth of wrath.
The moth of wrath is severely wounded.
The golden dragon bites you but does no damage.
The golden dragon barely misses you.
The golden dragon tramples you but does no damage.
You block the moth of wrath's attack.
You pummel the moth of wrath!!
You kill the moth of wrath!
You feel better.
You feel yourself speed up. The golden dragon bites you!!!
You block the golden dragon's attack.
The golden dragon tramples you but does no damage.
The golden dragon bites you but does no damage.
You block the golden dragon's attack. x2
You barely miss the golden dragon. You block the golden dragon's attack.
The golden dragon completely misses you.
The golden dragon tramples you!
You stumble backwards!
You pummel the golden dragon!!
The golden dragon is lightly wounded.
The golden dragon is distracted by your dazzling golden aura.
You barely miss the golden dragon.
The golden dragon is no longer distracted by gold.
The golden dragon roars deafeningly!
The golden dragon is lightly wounded.
You block the golden dragon's attack. The golden dragon closely misses you.
The golden dragon barely misses you. [a] - 754 gold - invisibility, might, haste and brilliance [b] - 224 gold - heal wounds and curing [c] - 696 gold - resistance, might and haste Purchase which effect?
You fade into invisibility!
You feel very mighty all of a sudden.
You feel yourself speed up.
You feel clever all of a sudden. The golden dragon bites you!!!
* * * LOW HITPOINT WARNING * * *
The golden dragon claws you but does no damage.
The golden dragon tramples you but does no damage.
You pummel the golden dragon!!
The golden dragon is moderately wounded.
The golden dragon barely misses you.
The golden dragon claws you but does no damage.
You block the golden dragon's attack.
You barely miss the golden dragon.
The golden dragon is moderately wounded.
The golden dragon bites you.
* * * LOW HITPOINT WARNING * * *
The golden dragon barely misses you. x2
The golden dragon attacks as you move away!
You block the golden dragon's attack. x2; The golden dragon barely misses you.
Okay, then.
Unknown command.
Unknown command.
You block the golden dragon's attack. x2
The golden dragon tramples you but does no damage.
There is an open door here.
The golden dragon attacks as you move away!
You block the golden dragon's attack.
The golden dragon claws you but does no damage.
The golden dragon tramples you but does no damage.
The golden dragon attacks as you move away!
The golden dragon bites you!!!
You die...
Your body crumbles into a pile of gold.

######## ******** #......#
*,,,,,,* #......# ####
*,,,,,,* **#.<....#####..#
*,,,,,,*
*,+......'...D@.#######,,,,,,*
*,#......#####..).....#,,,,,,*
*,#......# ##.##..#.#,,,,,,*
***,#.$....# #>##..#☼*,,,,,,*
*,,,#.z....# #.##....+,,,,,,*
,,**#......# #.##.##.#,,,,,,*
,,.^.......#
*#+##+#*.#,,,,,,**
.....#######
*,,,,,,*,#*+*,,,,, .....*
*,,,,,,*,,,,*,,,,,


You could see a golden dragon (berserk).

Vanquished Creatures
  the Royal Jelly (Slime:5)
  4 golden dragons
  A curse toe (Zot:3)
  2 caustic shrikes (Depths:2)
  Jory (Depths:3)
  A profane servitor (Abyss:3)
  A bone dragon (Vaults:3)
  Nikola (Snake:2)
  2 tentacled monstrosities
  2 liches
  Jorgrun (Orc:1)
  2 deep elf blademasters (Elf:3)
  2 deep elf master archers (Elf:3)
  2 quicksilver dragons (Zot:3)
  3 krakens
  Gastronok (D:11)
  3 sphinxes (Depths:2)
  11 acid blobs
  Kirke (Snake:1)
  Agnes (D:14)
  2 tentacled starspawn
  3 storm dragons
  5 nagarajas (Snake:4)
  11 tengu reavers
  3 shadow dragons
  16 rockslimes
  6 fire giants
  18 azure jellies
  7 deep elf sorcerers
  7 vault wardens
  Aizul (Snake:1)
  8 frost giants
  2 deep elf elementalists (Elf:3)
  A draconian shifter (Depths:4)
  Louise (Shoals:4)
  18 ironbound preservers
  A draconian stormcaller (Depths:4)
  A spriggan defender (Depths:2)
  A war gargoyle (Vaults:3)
  24 very ugly things
  15 stone giants
  6 deep elf demonologists
  6 quicksilver oozes
  2 orc warlords
  4 ironbound thunderhulks
  5 vampire knights
  2 green draconians (Depths:4)
  10 spark wasps
  A white draconian (Depths:4)
  Azrael (D:14)
  A yellow draconian (Depths:4)
  2 purple draconians
  6 dire elephants
  A red draconian (Depths:4)
  8 deep elf annihilators (Elf:3)
  A crystal guardian (Vaults:3)
  4 merfolk javelineers
  7 deep elf high priests (Elf:3)
  4 deep elf death magi (Elf:3)
  7 merfolk impalers
  5 ettins
  Josephine (Lair:3)
  A blizzard demon (Depths:4)
  11 yaktaur captains
  4 vault guards (Vaults:3)
  Fannar (Orc:1)
  10 fire dragons
  7 great orbs of eyes
  4 entropy weavers
  An elf skeleton (Abyss:3)
  4 rakshasas (Depths:2)
  The ghost of kae the Geomancer, a journeyman GrEE of Vehumet (D:11)
  12 ice dragons
  6 spriggan air magi
  14 hydras
  5 merfolk aquamancers
  A salamander tyrant (Depths:1)
  12 centaur warriors
  5 ironbound frosthearts
  2 alligator snapping turtles (Shoals:4)
  A catoblepas (D:13)
  14 anacondas
  Erica (D:8)
  2 hell beasts
  A peacekeeper (Vaults:3)
  2 merfolk avatars
  15 dancing weapons
  10 naga warriors
  2 ogre magi
  5 boulder beetles
  7 tengu warriors
  8 deep troll earth magi
  3 deep troll shamans
  3 death yaks (Lair:4)
  A titan zombie (Vaults:4)
  11 two-headed ogres
  11 naga sharpshooters
  4 spriggan berserkers
  2 vampire magi
  A sun demon (Depths:1)
  Nergalle (Lair:1)
  A shock serpent (shapeshifter) (Vaults:4)
  5 salamander mystics
  7 hell knights (Depths:3)
  5 shock serpents
  A soul eater (Depths:4)
  5 deep elf knights
  2 sixfirhies (Depths:1)
  Lodul (D:11)
  A spatial maelstrom (Abyss:3)
  3 flayed ghosts
  7 iron trolls
  2 shadow wraiths
  75 deep trolls
  A spectral anaconda (Lair:5)
  14 sea snakes
  2 obsidian statues
  11 naga ritualists
  2 swamp dragons (Lair:2)
  11 wizards
  14 orc knights
  Pikel (D:8)
  An iron dragon zombie (Vaults:4)
  7 deep elf archers
  13 ironbound convokers
  26 harpies
  6 necromancers
  6 glowing orange brains
  A harpy (shapeshifter) (D:13)
  5 lindwurms
  4 phantasmal warriors
  15 deep elf pyromancers
  14 deep elf zephyrmancers
  A large abomination (Abyss:2)
  21 salamanders
  2 orc sorcerers
  A shining eye (Slime:5)
  17 mana vipers
  5 cyclopes
  51 ugly things
  A wolf spider (Depths:1)
  3 moths of wrath
  14 vault sentinels
  An ice statue (IceCv)
  5 merfolk sirens
  10 manticores
  A worldbinder (Abyss:3)
  21 elephants
  4 guardian serpents
  A sphinx skeleton (Vaults:4)
  A dire elephant zombie (Lair:5)
  A rust devil (Depths:1)
  12 naga magi
  34 black mambas
  An eye of devastation (Slime:5)
  2 orange demons (Abyss:3)
  An apocalypse crab (Abyss:2)
  5 water nymphs
  6 cane toads
  3 gargoyles
  A hellion (Depths:1)
  Maggie (Lair:1)
  4 unseen horrors
  5 kobold demonologists
  2 rime drakes
  2 efreet
  36 yaktaurs
  Psyche (D:9)
  3 tengu conjurers
  10 ice devils (IceCv)
  A yaktaur skeleton (Vaults:4)
  4 freezing wraiths (IceCv)
  An anaconda simulacrum (IceCv)
  12 komodo dragons
  30 merfolk
  3 ancient zymes
  9 trolls
  A red devil (Depths:1)
  A hellwing (Abyss:3)
  A tarantella (Vaults:1)
  3 raiju (Abyss:3)
  15 blink frogs
  A spectral elephant (Lair:5)
  11 snapping turtles
  8 wind drakes
  A frost giant simulacrum (Vaults:4)
  19 dream sheep
  A dream sheep (shapeshifter) (D:9)
  99 slime creatures
  A jumping spider (Vaults:4)
  A vampire (D:10)
  A ynoxinul (Depths:1)
  A culicivora (Vaults:2)
  3 shadows
  9 water elementals
  4 wyverns
  3 dire elephant simulacra
  17 humans
  2 yaks (shapeshifter)
  Grum (Lair:1)
  A fire bat (Abyss:3)
  A golden eye (Slime:5)
  54 yaks
  7 wraiths
  3 fire elementals (D:14)
  6 redbacks
  4 basilisks
  A steam dragon (D:7)
  5 death yak simulacra
  2 hogs
  9 wargs
  3 harpy simulacra (IceCv)
  15 vampire mosquitoes
  36 nagas
  2 acid dragons
  2 spatial vortices (Abyss:3)
  3 hydra simulacra (IceCv)
  11 water moccasins
  4 hell hounds (D:14)
  3 floating eyes
  41 orc warriors
  2 elephant zombies (Lair:5)
  An ice beast (Depths:1)
  An elephant skeleton (Lair:5)
  14 ogres
  14 wolves
  9 centaurs
  A phantom (D:5)
  19 kobold brigands
  3 lemures
  Blork the orc (D:4)
  16 bullfrogs
  2 small abominations
  2 gnoll sergeants
  2 two-headed ogre simulacra (IceCv)
  2 necrophages
  6 cane toad simulacra
  3 scorpions
  12 wights
  5 elephant simulacra
  13 killer bees
  2 vampire bats
  5 howler monkeys
  16 orc priests
  4 hounds (D:6)
  An iron imp (Abyss:2)
  3 iguanas
  Natasha (thrice) (D:4)
  23 orc wizards
  A spriggan simulacrum (IceCv)
  4 polar bear simulacra (IceCv)
  6 wolf simulacra (IceCv)
  11 adders
  2 naga simulacra (IceCv)
  9 gnolls
  A shadow imp (D:6)
  4 white imps
  2 ufetubi
  3 dart slugs
  85 orcs
  4 ball pythons
  2 bat zombies (D:9)
  7 endoplasms
  6 giant cockroaches
  8 goblins
  6 hobgoblins
  4 jackals
  A quokka (D:1)
  4 bats
  6 frilled lizards
  21 kobolds
  5 rats
  A butterfly (Abyss:3)
  2 starspawn tentacles (Abyss:3)
  11 tentacles
1921 creatures vanquished.

Vanquished Creatures (collateral kills)
  Saint Roka (Snake:4)
  A dire elephant (Vaults:4)
  An orc (D:4)
  2 endoplasms (D:1)
  2 jackals (D:4)
  A ball python (D:4)
8 creatures vanquished.

Vanquished Creatures (others)
  A vault warden (Vaults:4)
  A deep elf knight (Elf:1)
  A guardian serpent (Snake:4)
  4 slime creatures (D:14)
  A human (Snake:1)
  A fire elemental (Elf:2)
  A naga (Snake:2)
  An orc (D:7)
  60 fungi
  93 plants
  4 starspawn tentacles (Abyss:2)
  23 tentacles
  18 withered plants (Lair:5)
209 creatures vanquished.

Grand Total: 2138 creatures vanquished

Notes
Turn   | Place    | Note
-------+----------+-------------------------------------------
     0 | D:1      | Flugkiller the Ghoul Necromancer began the quest for the
                  | Orb.
     0 | D:1      | Reached XP level 1. HP: 14/14 MP: 2/2
    69 | D:1      | Reached skill level 1 in Fighting
   128 | D:1      | Reached XP level 2. HP: 18/23 MP: 2/4
   481 | D:1      | Found a faded altar of an unknown god.
   638 | D:1      | Reached XP level 3. HP: 29/29 MP: 3/5
  1679 | D:2      | Reached XP level 4. HP: 36/36 MP: 3/6
  1777 | D:2      | Reached skill level 5 in Necromancy
  1836 | D:2      | Learned a level 3 spell: Vampiric Draining
  2178 | D:3      | Identified the +4 ring mail of the Kettle-Drum {Rampage
                  | Str+2}
  2242 | D:3      | Found a hide-covered altar of Uskayaw.
  2318 | D:3      | Reached XP level 5. HP: 44/44 MP: 3/7
  2726 | D:4      | Noticed Natasha
  2745 | D:4      | Killed Natasha
  2815 | D:4      | Noticed Natasha
  2827 | D:4      | Killed Natasha
  2828 | D:4      | Reached skill level 1 in Unarmed Combat
  2828 | D:4      | Reached XP level 6. HP: 51/51 MP: 4/8
  2864 | D:4      | Noticed Natasha
  2871 | D:4      | Killed Natasha
  3157 | D:4      | Noticed Blork the orc
  3183 | D:4      | Killed Blork the orc
  3429 | D:5      | Entered Level 5 of the Dungeon
  3434 | D:5      | Noticed a water moccasin
  3446 | D:5      | Killed a water moccasin
  3447 | D:5      | Reached XP level 7. HP: 57/57 MP: 1/10
  3678 | D:5      | Identified the +1 robe of Ycwyd {+Inv rElec Will- Str+4}
  3873 | D:5      | Found Okuoss's Distillery.
  3877 | D:5      | Bought a potion of heal wounds for 50 gold pieces
  4030 | D:5      | Found an opulent altar of Gozag.
  4183 | D:5      | Reached skill level 1 in Armour
  4740 | D:5      | Reached XP level 8. HP: 51/66 MP: 12/12
  4743 | D:5      | Became a worshipper of Gozag Ym Sagoz the Greedy
  4893 | D:6      | Identified the +8 sling of Raystivou {antimagic, +Blink
                  | Dex+2}
  5179 | D:6      | Reached skill level 5 in Fighting
  5897 | D:7      | Reached XP level 9. HP: 73/74 MP: 8/14
  6287 | D:7      | Reached skill level 5 in Spellcasting
  6361 | D:7      | Reached skill level 5 in Unarmed Combat
  6611 | D:7      | Found Xiat's Weapon Boutique.
  6836 | D:7      | Found a hazy altar of Hepliaklqana.
  6936 | D:7      | Found a staircase to the Ecumenical Temple.
  7322 | D:8      | Noticed Erica
  7980 | D:7      | Reached skill level 5 in Armour
  7980 | D:7      | Reached XP level 10. HP: 62/83 MP: 9/16
  8414 | D:8      | Found a radiant altar of Vehumet.
  8547 | D:8      | Noticed a two-headed ogre
  8558 | D:8      | Killed a two-headed ogre
  8722 | D:8      | Paralysed by something for 4 turns
  8731 | D:8      | Killed Erica
  8921 | D:8      | Learned a level 5 spell: Agony
  9508 | D:9      | Found a staircase to the Lair.
  9610 | D:9      | Reached skill level 10 in Necromancy
  9916 | D:9      | Noticed Psyche
  9921 | D:9      | Killed Psyche
 10021 | D:9      | Found an ancient bone altar of Kikubaaqudgha.
 10111 | D:9      | Noticed Pikel
 10769 | D:8      | Killed Pikel
 10770 | D:8      | Reached XP level 11. HP: 78/92 MP: 7/17
 11264 | D:8      | Identified a scroll of acquirement
 11266 | D:8      | Acquired the ring "Qyosuvus" {Str+6 Dex-5 Slay+5}
 11304 | D:9      | Found a large runed translucent door.
 11305 | D:9      | Found a large runed translucent door.
 11312 | D:9      | a culicivora changed into a mana viper
 11312 | D:9      | Noticed a mana viper (shapeshifter)
 11317 | D:9      | a mana viper changed into a yaktaur
 11772 | D:9      | Noticed a centaur warrior
 11780 | D:9      | Killed a centaur warrior
 11886 | D:9      | Found a shimmering altar of Xom.
 11889 | D:9      | Found a broken altar of Ashenzari.
 11920 | D:10     | Entered Level 10 of the Dungeon
 12110 | D:10     | Noticed a two-headed ogre
 12122 | D:10     | Killed a two-headed ogre
 12176 | D:9      | Reached skill level 5 in Evocations
 12349 | D:10     | Noticed a two-headed ogre
 12358 | D:10     | Killed a two-headed ogre
 12855 | D:10     | Identified the +1 trident of the Onslaught {freeze, *Noise
                  | Int+6}
 13795 | D:11     | Found a staircase to the Orcish Mines.
 13860 | D:11     | Found a runed translucent gate.
 13861 | D:11     | Found a runed translucent gate.
 13863 | D:11     | Found a runed translucent gate.
 13863 | D:11     | Noticed kae's ghost (journeyman GrEE)
 13894 | D:11     | Found a shimmering blue altar of Sif Muna.
 13966 | D:11     | Reached XP level 12. HP: 87/105 MP: 18/18
 14009 | D:11     | HP: 5/106 [yak (8)]
 14312 | D:11     | Noticed Gastronok
 14344 | D:11     | Killed Gastronok
 14345 | D:11     | Reached skill level 10 in Fighting
 14696 | D:11     | Noticed Lodul
 15058 | D:10     | HP: 3/107 [ogre/+0 giant spiked club[Lodul] (16)]
 15725 | D:11     | Killed Lodul
 16107 | Lair:1   | Entered Level 1 of the Lair of Beasts
 16118 | Lair:1   | Noticed Nergalle
 16129 | Lair:1   | Killed Nergalle
 16199 | Lair:1   | Noticed Grum
 16575 | Lair:1   | Noticed Maggie
 16602 | Lair:1   | Killed Maggie
 16724 | Lair:1   | Reached skill level 10 in Unarmed Combat
 16905 | Lair:1   | Bought a glowing cloak for 232 gold pieces
 16943 | Lair:1   | You fall into a shaft and drop 1 floor!
 17315 | Lair:2   | Reached XP level 13. HP: 116/116 MP: 19/19
 17334 | Lair:2   | Found a staircase to the Snake Pit.
 17686 | Lair:2   | Reached skill level 10 in Armour
 18270 | Lair:2   | Found a staircase to the Shoals.
 18554 | Lair:1   | Found a transporter.
 18555 | Lair:1   | Found a transporter.
 19066 | Lair:1   | Killed Grum
 20097 | Lair:1   | Bought twisted ice dragon scales for 2015 gold pieces
 20097 | Lair:1   | Identified the +8 ice dragon scales of Quob {rF- rC++
                  | rCorr} (You bought it in a shop on level 1 of the Lair of
                  | Beasts)
 20651 | Lair:3   | Noticed Josephine
 21041 | Lair:3   | Killed Josephine
 22159 | Lair:4   | Found a staircase to the Slime Pits.
 22471 | Lair:5   | Entered Level 5 of the Lair of Beasts
 22644 | Lair:5   | Reached XP level 14. HP: 124/124 MP: 20/20
 23095 | Lair:5   | Noticed a dire elephant
 24510 | Lair:5   | Noticed a dire elephant
 24522 | Lair:5   | Killed a dire elephant
 24746 | Lair:5   | Killed a dire elephant
 25018 | Lair:5   | Noticed a dire elephant
 25029 | Lair:5   | Killed a dire elephant
 26026 | D:12     | Reached XP level 15. HP: 127/135 MP: 21/21
 26176 | D:12     | Found a portal to a secret trove of treasure.
 26494 | D:13     | Found a gate to the Vaults.
 27193 | D:13     | Reached skill level 1 in Shields
 28402 | D:14     | Noticed Agnes
 28411 | D:14     | Killed Agnes
 28704 | D:14     | Reached skill level 5 in Shields
 29509 | D:14     | Noticed Azrael
 29540 | D:14     | Killed Azrael
 30085 | D:15     | Entered Level 15 of the Dungeon
 30638 | D:15     | Got Pynisoc's Guide on Obstruction
 31075 | D:15     | Found Wyimy's Antique Armour Shoppe.
 31406 | D:15     | Reached XP level 16. HP: 145/145 MP: 7/22
 31531 | D:15     | Found a large runed translucent door.
 31532 | D:15     | Found a large runed translucent door.
 31548 | D:15     | Noticed Aldia's ghost (journeyman TrCK)
 31591 | D:15     | Found a staircase to the Depths.
 31855 | Orc:1    | Entered Level 1 of the Orcish Mines
 32135 | Orc:1    | Noticed Jorgrun
 32148 | Orc:1    | Noticed Fannar
 32158 | Orc:1    | Killed Jorgrun
 32166 | Orc:1    | Killed Fannar
 32718 | Orc:2    | Entered Level 2 of the Orcish Mines
 32725 | Orc:2    | Found a staircase to the Elven Halls.
 32775 | Orc:2    | Found a frozen archway.
 32784 | IceCv    | Entered an ice cave
 33142 | IceCv    | Found an ancient bone altar of Kikubaaqudgha.
 34047 | IceCv    | Identified the ring of Eno Gimm {rC+ rN+}
 34788 | Orc:2    | Found Xejyzips's General Store.
 34840 | Orc:2    | Found Dujyk's Distillery.
 35177 | Orc:2    | Found Cugh's Antique Weapon Boutique.
 35225 | Orc:2    | Found Kukut's Assorted Antiques.
 35405 | Orc:2    | Bought a scroll labelled WOONEJ MABLA for 29 gold pieces
 35409 | Orc:2    | Bought a fading plate armour for 1064 gold pieces
 35409 | Orc:2    | Identified the +7 plate armour "Zerop" {Harm} (You bought
                  | it in a shop on level 2 of the Orcish Mines)
 35409 | Orc:2    | Bought a faintly humming plate armour for 1064 gold pieces
 35409 | Orc:2    | Identified the +10 plate armour "Nymih" {Stlth+} (You
                  | bought it in a shop on level 2 of the Orcish Mines)
 35661 | Snake:1  | Entered Level 1 of the Snake Pit
 35907 | Snake:1  | Noticed Aizul
 35909 | Snake:1  | Found Geiwiad's Magic Scroll Emporium.
 35927 | Snake:1  | Killed Aizul
 35928 | Snake:1  | Found Zerogg's General Store.
 35931 | Snake:1  | Found Duwkauwu's Assorted Antiques.
 35935 | Snake:1  | Bought a scroll of blinking for 97 gold pieces
 35935 | Snake:1  | Bought a scroll of enchant armour for 97 gold pieces
 35941 | Snake:1  | Bought a scroll of enchant armour for 127 gold pieces
 36762 | Snake:1  | Noticed Kirke
 36783 | Snake:1  | Killed Kirke
 36817 | Snake:1  | Reached skill level 15 in Fighting
 36817 | Snake:1  | Reached skill level 15 in Unarmed Combat
 37469 | Snake:2  | Noticed Nikola
 37485 | Snake:2  | Killed Nikola
 37833 | Snake:2  | Reached XP level 17. HP: 110/156 MP: 23/23
 38567 | Snake:2  | Found Cakodghau's Book Shop.
 39828 | Snake:2  | Reached skill level 10 in Shields
 42437 | Snake:4  | Entered Level 4 of the Snake Pit
 42493 | Snake:4  | Reached skill level 15 in Armour
 43229 | Snake:4  | Found a runed translucent gate.
 43229 | Snake:4  | Found a runed translucent gate.
 43230 | Snake:4  | Found a runed translucent gate.
 43231 | Snake:4  | Noticed Guaqeif's ghost (adept DsTm)
 43441 | Snake:4  | Noticed Saint Roka
 43908 | Snake:4  | Noticed Roxanne
 44450 | Snake:4  | Reached XP level 18. HP: 151/163 MP: 24/24
 44533 | Snake:4  | Killed Saint Roka
 45500 | Snake:4  | Got a serpentine rune of Zot
 45972 | Shoals:1 | Entered Level 1 of the Shoals
 46494 | Shoals:1 | Found a runed translucent door.
 46494 | Shoals:1 | Found a shimmering altar of Xom.
 46494 | Shoals:1 | Noticed Zigemok's ghost (journeyman SpEn)
 48417 | Shoals:2 | Identified the +6 quarterstaff "Geamixad" {elec, Int+4}
 49823 | D:11     | Killed kae's ghost
 50743 | Shoals:4 | Entered Level 4 of the Shoals
 50820 | Shoals:4 | Learned a level 4 spell: Dispel Undead
 51993 | Shoals:4 | Noticed Louise
 52003 | Shoals:4 | Killed Louise
 52143 | Shoals:4 | Reached XP level 19. HP: 169/174 MP: 25/25
 52181 | Shoals:4 | Got a barnacled rune of Zot
 52433 | Shoals:4 | Noticed Bai Suzhen
 52781 | Shoals:4 | Identified the +4 quarterstaff of Turmoil {heavy, rF+ rC+
                  | Int+2}
 53468 | Vaults:1 | Entered Level 1 of the Vaults
 54036 | Vaults:1 | Paralysed by a great orb of eyes for 5 turns
 54239 | Vaults:1 | Found Bibos's Weapon Shop.
 56432 | Vaults:1 | Reached skill level 15 in Shields
 57545 | Vaults:2 | Reached XP level 20. HP: 187/187 MP: 29/29
 57630 | Vaults:2 | HP: 1/187 [ironbound thunderhulk/bolt of lightning (35)]
 58559 | Vaults:2 | Found Hean Qoe's Weapon Emporium.
 61183 | Vaults:3 | Reached skill level 1 in Throwing
 61511 | Vaults:3 | Noticed a bone dragon
 61543 | Vaults:3 | Killed a bone dragon
 61842 | Vaults:3 | Reached skill level 15 in Necromancy
 61992 | Vaults:3 | Found a staircase to the Crypt.
 62483 | Vaults:3 | Reached skill level 5 in Throwing
 65457 | Vaults:4 | Reached XP level 21. HP: 184/194 MP: 30/30
 68013 | Vaults:4 | Reached skill level 10 in Throwing
 68289 | Vaults:4 | Bought a faintly glowing helmet for 237 gold pieces
 68289 | Vaults:4 | Identified the +1 helmet of Ocrem {rPois Slay+3} (You
                  | bought it in a shop on level 4 of the Vaults)
 68301 | Vaults:4 | Bought a pair of embroidered gloves for 307 gold pieces
 68311 | Vaults:4 | Bought the amulet "Xylarygu" {Reflect Contam Int+5 SH+5}
                  | for 670 gold pieces
 68485 | Depths:1 | Entered Level 1 of the Depths
 68679 | Depths:1 | Found a one-way gate leading to the halls of Pandemonium.
 68948 | Depths:1 | Found Naprai's Jewellery Emporium.
 68951 | Depths:1 | Found Exawner's General Store.
 68952 | Depths:1 | Found Lurur's General Store.
 68953 | Depths:1 | Found Ruhan's Antique Weapon Emporium.
 69510 | Depths:1 | Found a gateway to Hell.
 70189 | Depths:1 | Got the Anthology of Variation
 70938 | Depths:2 | Identified the +3 sling "Impbane" {freeze, rF- rC- Str+7}
 70961 | Depths:2 | Found a bloodstained altar of Trog.
 70962 | Depths:2 | Paralysed by a sphinx for 2 turns
 70985 | Depths:2 | Found a one-way gateway to a ziggurat.
 71664 | Depths:2 | Reached XP level 22. HP: 154/202 MP: 26/31
 71807 | Depths:2 | Found a hazy altar of Hepliaklqana.
 72911 | Depths:2 | Noticed a golden dragon
 73278 | Depths:2 | Noticed a caustic shrike
 73294 | Depths:2 | Killed a caustic shrike
 73463 | Depths:2 | Killed a golden dragon
 73464 | Depths:2 | Reached skill level 15 in Throwing
 73576 | Depths:2 | Found a shadowy altar of Dithmenos.
 73592 | Depths:2 | Noticed a golden dragon
 73602 | Depths:2 | Killed a golden dragon
 73662 | Depths:2 | Identified the +0 plate armour of Qynguxup {*Slow rF+
                  | Dex+6}
 74126 | Depths:2 | Found a sparkling altar of Nemelex Xobeh.
 74151 | Depths:2 | Noticed a golden dragon
 74176 | Depths:2 | Noticed a caustic shrike
 74540 | Depths:2 | Killed a caustic shrike
 74718 | Depths:1 | Killed a golden dragon
 75039 | Depths:2 | Found a shadowy altar of Dithmenos.
 75880 | Depths:3 | Found a one-way gate to the infinite horrors of the Abyss.
 75884 | Depths:3 | Noticed Jory
 75898 | Depths:3 | Killed Jory
 76178 | Depths:3 | Identified the +1 robe of Gontuzurr {rPois Will+ Int+2
                  | Slay-3}
 77618 | Depths:4 | Entered Level 4 of the Depths
 77679 | Depths:4 | Reached XP level 23. HP: 211/211 MP: 22/32
 77697 | Depths:4 | Found Etziskea's Distillery.
 77710 | Depths:4 | Found Worec's Armour Emporium.
 77770 | Depths:4 | Found Hustiruh's Antique Armour Shop.
 77856 | Depths:4 | Noticed a golden dragon
 77914 | Depths:4 | Killed a golden dragon
 77987 | Depths:4 | Found Acocuz's Weapon Emporium.
 78530 | Depths:4 | Bought a potion of heal wounds for 75 gold pieces
 78530 | Depths:4 | Bought a potion of heal wounds for 75 gold pieces
 79030 | Depths:4 | Found a gate to the Realm of Zot.
 79383 | Depths:4 | Found a sacrificial altar of Ru.
 79494 | Depths:4 | Found Juos's Book Boutique.
 79905 | Slime:1  | Entered Level 1 of the Pits of Slime
 81498 | Slime:5  | Entered Level 5 of the Pits of Slime
 81901 | Slime:5  | Paralysed by a floating eye for 4 turns
 82545 | Slime:5  | Noticed the Royal Jelly
 82554 | Slime:5  | Killed the Royal Jelly
 83594 | Slime:5  | Got a slimy rune of Zot
 83595 | Slime:5  | Identified the +10 plate armour of Kenauz {+Inv rElec
                  | Stlth+}
 83647 | Slime:5  | Identified the +7 chain mail "Uliarr" {*Slow Slay+5}
 83648 | Slime:5  | Identified the ring "Roighuv" {rN+ Will+ Stlth+}
 83659 | Slime:5  | Identified the +4 spear "Wicuets" {protect, Fly Stlth+}
 83661 | Slime:5  | Got the Book of the Queen Bee
 83696 | Slime:5  | Acquired 1228 gold pieces
 83698 | Slime:5  | Acquired 524 gold pieces
 83700 | Slime:5  | Acquired 909 gold pieces
 84010 | Elf:1    | Entered Level 1 of the Elven Halls
 84021 | Elf:1    | Reached XP level 24. HP: 224/224 MP: 30/32
 85149 | Elf:2    | Found a flickering gateway to a bazaar.
 85182 | Bazaar   | Entered a bazaar
 85312 | Bazaar   | Found Mitenka's Weapon Emporium.
 85323 | Bazaar   | Found Nurac's Assorted Antiques.
 85404 | Bazaar   | Found Ympyfyul's Antique Armour Shoppe.
 85438 | Bazaar   | Found Tuabbodgh's Antique Weapon Emporium.
 85460 | Bazaar   | Found Sywo's Magic Scroll Shoppe.
 85465 | Bazaar   | Bought a scroll of teleportation for 21 gold pieces
 85465 | Bazaar   | Bought a scroll of teleportation for 21 gold pieces
 85465 | Bazaar   | Bought a scroll of enchant armour for 52 gold pieces
 85465 | Bazaar   | Bought a scroll of enchant armour for 52 gold pieces
 85465 | Bazaar   | Bought a scroll of summoning for 66 gold pieces
 85504 | Bazaar   | Bought a notched gilded ring for 125 gold pieces
 85891 | Abyss:2  | Cast into level 2 of the Abyss (a deep elf sorcerer)
 86290 | Elf:2    | Escaped the Abyss
 86362 | Elf:2    | Found a runed translucent gate.
 86363 | Elf:2    | Found a runed translucent gate.
 86363 | Elf:2    | Found a runed translucent gate.
 86477 | Elf:3    | Entered Level 3 of the Elven Halls
 86531 | Elf:3    | Identified the +3 robe of the Kraken {rElec}
 86858 | Elf:3    | Reached skill level 10 in Evocations
 86858 | Elf:3    | Reached XP level 25. HP: 231/231 MP: 30/32
 87516 | Elf:3    | Identified the amulet of the Dozen Lies {Spirit *Slow rElec
                  | rC+++ Int+3}
 87646 | Elf:3    | Identified the +1 dire flail "Exzianalick" {flame, Contam
                  | Fly Int+7}
 87875 | Elf:3    | Got Wayg's Secrets of the Mercurial Impact
 87940 | Elf:3    | Found the +3 Elemental Staff {rElec rF++ rC++ AC+5}
 87945 | Elf:3    | Identified the ring of the Endless Expanse {rElec Dex+6}
 87954 | Elf:3    | Got the Catalogue of the Brume and Sculpting
 88657 | Zot:1    | Entered Level 1 of the Realm of Zot
 89015 | Zot:3    | Slain by a golden dragon

Illustrated notes

Levels and vault maps discovered:
D:1:      kennysheep_arrival_forest, layout_loops_corners,
          dreamdust_ecumenical_altar_grove, minmay_strange_pillars
D:2:      layout_rooms, serial_corexii_hall, chequers_hall_statues_wall_a,
          corexii_hall_statues_l, chequers_hall_statues_y,
          chequers_hall_statues_wall_a, minmay_misc_feat_rows
D:3:      layout_loops_ring, mainiacjoe_overflow_six_doors_small
D:4:      layout_basic, uniq_natasha, uniq_blork_the_orc
D:5:      layout_basic, grunt_gozag_statues, serial_shops, kennysheep_mini
D:6:      layout_gridville, serial_bayou_pond_d
D:7:      layout_loops_corners, worldfamousw_hep_ancestral_shrine,
          lemuel_temple_firewalk_b, serial_shops, shop_statue
D:8:      layout_loops_ring, mainiacjoe_overflow_tiny_flanked, uniq_erica
D:9:      layout_irregular_city, jmf_multi_god_temple2,
          lemuel_zombie_altar_kikubaaqudgha, lair_entry_dummy, uniq_pikel,
          uniq_psyche
D:10:     layout_cave_pools
D:11:     layout_stronghold, erik_orc_4, gammafunk_ghost_nasty_kobolds,
          lemuel_blue_sif_altar, uniq_gastronok, uniq_lodul
D:12:     layout_long_grid, nicolae_trove_entry_isolated, minivault_16
D:13:     layout_rooms, david_vaults_3, solitary_fountain, minmay_circle_x
D:14:     layout_rooms, nicolae_hexahallways, uniq_agnes, uniq_azrael
D:15:     grunt_enter_depths_hoard, layout_gridville, nicolae_benzene_ring,
          serial_shops, nicolae_shop_overgrown_old_shop,
          ebering_ghost_disaster_area
Lair:1:   gammafunk_boulding_lane, layout_long_grid, grunt_megastairs_4,
          uniq_maggie, uniq_grum, uniq_nergalle
Lair:2:   layout_loops_ring, minmay_shoals_entry_beasts, dummy_snake_entry, pond
Lair:3:   layout_regular_city, uniq_josephine
Lair:4:   layout_regular_city, slime_entry_1
Lair:5:   due_jungle_book, layout_loops_ring
Shoals:1: nicolae_shoals_offshore_bank_account, layout_shoals, ebering_ghost_xom
Shoals:2: layout_shoals, nicolae_shoals_flooded_hall
Shoals:3: nicolae_shoals_aurelia_aurita, layout_shoals
Shoals:4: shoals_end_grunt_ice, layout_shoals, uniq_bai_suzhen, uniq_louise
Snake:1:  layout_cave_pods, minmay_shop_star, uniq_kirke, uniq_aizul
Snake:2:  layout_chambers, serial_shops, nicolae_stop_n_shop_2, uniq_nikola
Snake:3:  layout_cave_pods, grunt_megastairs_3
Snake:4:  grunt_snake_rune_pools, layout_basic, gammafunk_ghost_necromancy,
          grunt_ministairs_6, drop_trap, nicolae_snake_gridmaze_squiggle,
          uniq_saint_roka, uniq_roxanne
Slime:1:  layout_caves
Slime:2:  layout_caves
Slime:3:  layout_caves
Slime:4:  layout_caves
Slime:5
Orc:1:    layout_diamond_mine, uniq_fannar, uniq_jorgrun
Orc:2:    st_orc_town, layout_caves, portal_ice_cave_entry_pillars_1,
          nicolae_orc_crystal_geode
Elf:1:    eino_elf_arrival_customs, layout_loops_corners, evilmike_minifort
Elf:2:    nicolae_elf_blades_crystal_corner, layout_geoelf_octagon,
          serial_shops, freezing_bzr
Elf:3:    minmay_elf_hall_spiked, layout_gridlike, serial_co_window_serial,
          co_window_corner_a, co_window_paths_a, co_window_paths_b,
          co_window_corner_a, co_window_corner_a, co_window_corner_b,
          co_window_broadway_a, co_window_of_opportunity_b, co_window_cross_4,
          co_window_paths_e, co_window_paths_d, glass_columns_a,
          glass_columns_b, glass_columns_c
Vaults:1: nicolae_vaults_windows_and_doors_thing, vaults_room_hallway,
          v_pattern_4, vaults_room_fours, hangedman_vaults_trim,
          grunt_vaults_focal, vaults_room_door_ring, vaults_dpeg_ring,
          layout_vaults_big_room, serial_shops, shop
Vaults:2: nicolae_vaults_triangles, st_cross, v_misc_16, hangedman_vaults_snaps,
          nicolae_vaults_little_squares_3, ontoclasm_vaults_ring_square,
          nicolae_vaults_angled_halls, nicolae_vaults_bisected_inception,
          nicolae_vaults_mini_display_case, v_alt_pattern_4, v_misc_17,
          vaults_standard_mumra_x, v_pattern_5, v_misc_22, v_misc_31,
          ontoclasm_vaults_ring_large, ontoclasm_vaults_decontamination,
          layout_vaults_maze_bifur, serial_shops, shop, uniq_margery
Vaults:3: hangedman_vaults_river_flow, vaults_room_corners,
          minmay_crypt_entry_nasty_monster, v_misc_30,
          nicolae_vaults_little_squares_6, ontoclasm_vaults_loading_screen,
          vaults_room_boxed, vaults_dpeg_cross,
          vaults_room_grunt_arrival_checkpoint, layout_vaults_omnicross
Vaults:4: grunt_vaults_hallway_long, nicolae_vaults_know_your_exits, v_misc_13,
          v_rooms_5, v_alt_pattern_2, hangedman_vaults_impose, v_misc_15,
          v_misc_22, nicolae_vaults_ring_of_whatevers, dpeg_vaults_monster_box,
          layout_vaults_ring
Depths:1: layout_cave_pools, serial_sigils, serial_sigils_hangedman_scratch,
          serial_sigils_hangedman_scar, serial_sigils_hangedman_leer,
          serial_sigils_hangedman_confine, serial_sigils_hangedman_shear,
          grunt_pan_entry_zigzag, kennysheep_flooded_box, hell_entry,
          grunt_decor_resistance, st_stairs_1, minmay_shop_grid_forest,
          hangedman_research_metamorphosis
Depths:2: hangedman_box_tower, layout_gridlike, enter_ziggurat_e, pan_entry,
          bloody_trog, hell_entry
Depths:3: minmay_haunted_quarter, layout_cross, abyss_entry, pan_entry,
          hell_entry, nicolae_twisting_strands, uniq_grunn, uniq_jory
Depths:4: grunt_zot_entry_tricorne, layout_gridlike, grunt_mini_vestibule,
          infiniplex_enter_wizlab_glasses, serial_shops, shop, shop, shop,
          nicolae_shop_advertising_works [nicolae_subvault_shop_adworks],
          shop_statue, abyss_entry, nicolae_ru_the_path_less_chosen
Zot:1:    layout_basic, gammafunk_ghost_tricky_traps,
          hangedman_elemental_corridor
Zot:2:    layout_gridville, nicolae_transmutations_shop
Zot:3:    layout_gridlike
Zot:4:    layout_onion_interference

Skill      XL: |  1  2  3  4  5  6  7  8  9 10 11 12 13 14 15 16 17 18 19 20 21 22 23 24 25 |
---------------+----------------------------------------------------------------------------+-----
Fighting       | 1 2 3 4 5 6 7 9 11 13 15 16 18 20 | 20.0
Spellcasting   | 2 3 4 5 7 |  7.0
Necromancy     | 5 6 7 8 11 12 15 | 15.0
Unarmed Combat | 1 4 6 7 9 10 11 13 15 16 17 19 20 | 20.0
Armour         | 1 4 5 6 9 11 12 13 15 16 17 | 17.0
Evocations     | 2 5 7 9 10 11 | 11.8
Shields        | 6 8 12 13 15 | 15.0
Throwing       | 7 13 16 17 | 17.5
Dodging        | |  1.7
Stealth        | |  2.1

Action                     |  1- 3 |  4- 6 |  7- 9 | 10-12 | 13-15 | 16-18 | 19-21 | 22-24 | 25-27 || total
---------------------------+-------+-------+-------+-------+-------+-------+-------+-------+-------++-------
  Melee: Unarmed           |    64 |    66 |   293 |   739 |  1282 |  2211 |  2166 |  1746 |   229 ||  8796
         Punch             |       |     1 |    11 |     7 |    12 |    50 |       |       |       ||    81
  Throw: Dart              |       |       |       |     2 |       |     7 |     1 |       |       ||    10
         Throwing net      |       |       |       |       |     1 |       |       |       |       ||     1
         Boomerang         |       |       |       |       |       |       |    24 |    55 |    51 ||   130
         Javelin           |       |       |       |       |       |       |       |     2 |       ||     2
   Cast: Necrotise         |    47 |   112 |   151 |    33 |    13 |    16 |       |       |       ||   372
         Vampiric Draining |       |     1 |    18 |    59 |    58 |     6 |     3 |       |       ||   145
         Agony             |       |       |       |    32 |    71 |       |     3 |    25 |       ||   131
         Dispel Undead     |       |       |       |       |       |       |    19 |    15 |     2 ||    36
 Invoke: Call Merchant     |       |       |       |     1 |       |     2 |     4 |       |       ||     7
         Potion Petition   |       |       |       |     1 |       |     1 |     3 |     5 |     1 ||    11
  Evoke: Wand              |       |       |       |    15 |     6 |     6 |     6 |     8 |     2 ||    43
         Tin of tremorston |       |       |       |       |     3 |     6 |     5 |     9 |       ||    23
         Phial of floods   |       |       |       |       |     1 |     1 |       |       |       ||     2
         Phantom mirror    |       |       |       |       |       |     1 |       |       |       ||     1
         Box of beasts     |       |       |       |       |       |       |     3 |     1 |       ||     4
         Condenser vane    |       |       |       |       |       |       |       |     1 |       ||     1
    Use: Scroll            |     3 |     1 |     8 |    15 |     8 |    13 |    11 |    17 |     3 ||    79
         Potion            |       |       |     1 |    10 |     3 |     3 |     3 |     3 |       ||    23
   Stab: Sleeping          |     1 |       |       |       |       |       |       |       |       ||     1
         Distracted        |       |       |     1 |     2 |     1 |    14 |     5 |     5 |     2 ||    30
         Paralysed         |       |       |       |     3 |       |       |     4 |       |     1 ||     8
         Invisible         |       |       |       |       |     3 |       |       |       |       ||     3
 Armour: Robe              |    15 |     6 |       |       |       |       |       |       |       ||    21
         Ring mail         |       |    48 |   149 |   373 |   146 |       |       |       |       ||   716
         Ice dragon scales |       |       |       |       |  1160 |   293 |       |   355 |       ||  1808
         Plate armour      |       |       |       |       |       |  1267 |  1601 |   754 |   131 ||  3753
  Dodge: Dodged            |    54 |    43 |   196 |   416 |   716 |   509 |   550 |   317 |    46 ||  2847
  Block: Buckler           |       |       |       |    42 |    99 |       |       |       |       ||   141
         Kite shield       |       |       |       |       |       |   870 |  1322 |  1140 |   160 ||  3492
         Reflection        |       |       |       |       |       |       |    12 |    39 |    13 ||    64

Table legend: (Time is in decaauts)
 A = Elapsed time spent in this place.
 B = Non-inter-level travel time spent in this place.
 C = Inter-level travel time spent in this place.
 D = Time resting spent in this place.
 E = Time spent auto-exploring this place.
 F = Levels seen in this place.
 G = Mean time per level.
                   A        B        C        D        E       F      G
               +--------+--------+--------+--------+--------+-----+--------+
         Total |  87996 |  82674 |   5322 |  36389 |  26956 |  54 | 1629.6 |
       Dungeon |  25105 |  22864 |   2241 |   9374 |   8795 |  15 | 1673.7 |
          Lair |  10273 |   9524 |    749 |   4545 |   2969 |   5 | 2054.6 |
        Shoals |   7638 |   6698 |    940 |   2985 |   2218 |   4 | 1909.5 |
     Snake Pit |  10133 |   9955 |    178 |   4886 |   3003 |   4 | 2533.2 |
    Slime Pits |   3484 |   3437 |     47 |   2091 |    134 |   5 |  696.8 |
  Orcish Mines |   2366 |   2122 |    244 |    360 |   1186 |   2 | 1183.0 |
   Elven Halls |   3601 |   3411 |    190 |    413 |   2153 |   3 | 1200.3 |
        Vaults |  12538 |  12136 |    402 |   6093 |   3378 |   4 | 3134.5 |
        Depths |  10488 |  10163 |    325 |   4847 |   2607 |   4 | 2622.0 |
           Zot |    333 |    333 |      0 |    128 |      0 |   4 |   83.2 |
         Abyss |    349 |    349 |      0 |     16 |     46 |   2 |  174.5 |
        Bazaar |    341 |    341 |      0 |    101 |    172 |   1 |  341.0 |
      Ice Cave |   1343 |   1343 |      0 |    548 |    292 |   1 | 1343.0 |
               +--------+--------+--------+--------+--------+-----+--------+

Top non-repeatable levels by time:
Depths:2: 4269 daAuts
Vaults:2: 3687 daAuts
Vaults:1: 3410 daAuts
 Snake:2: 3397 daAuts
Depths:1: 3171 daAuts
Vaults:3: 3098 daAuts
     D:9: 2760 daAuts
 Snake:4: 2693 daAuts
  Lair:2: 2624 daAuts
    D:11: 2620 daAuts
     D:7: 2617 daAuts
  Lair:5: 2525 daAuts
Shoals:4: 2414 daAuts
Vaults:4: 2341 daAuts
    D:12: 2195 daAuts
